 Dungeon Crawl Stone Soup version 0.31-a0-162-gc4c5a43528 (webtiles) character file.

Game seed: 16398151954231126667

198 qw the Shooter (level 5, 0/32 HPs)
             Began as a Gargoyle Hunter on June 12, 2023.
             Was an Initiate of Okawaru.
             Slain by a jackal (1 damage)
             ... on level 4 of the Dungeon.
             The game lasted 00:01:03 (2520 turns).

qw the Shooter (Gargoyle Hunter)                    Turns: 2520, Time: 00:01:03

Health: 0/32       AC:  8    Str: 14      XL:     5   Next: 76%
Magic:  5/5        EV: 11    Int: 10      God:    Okawaru [......]
Gold:   131        SH:  0    Dex: 12 (15) Spells: 4/4 levels left

rFire   . . .        Y - +1 shortbow
rCold   . . .        (shield currently unavailable)
rNeg    + . .        c - +0 leather armour
rPois   inf          (no helmet)
rElec   +            (no cloak)
rCorr   .            (no gloves)
SInv    .            i - +0 pair of boots
Will    .....        (no amulet)
Stlth   +            (no ring)
HPRegen 0.25/turn    (no ring)
MPRegen 0.09/turn

%: no passive effects
@: no status effects
A: sickness immunity, AC +4, negative energy resistance 1, electricity
resistance, torment resistance 1, petrification resistance
a: Renounce Religion


You were on level 4 of the Dungeon.
You worshipped Okawaru.
Okawaru was noncommittal.
You visited 1 branch of the dungeon, and saw 4 of its levels.

You collected 203 gold pieces.
You spent 72 gold pieces at shops.


Innate Abilities, Weirdness & Mutations

You are immune to sickness and miasma.
Your stone body is resilient. (AC +4)
You are immune to poison.
You resist negative energy. (rN+)
You are resistant to electric shocks. (rElec)
You are resistant to unholy torment.
You are immune to petrification.


   Skills:
 + Level 3.5 Fighting
 - Level 6.0 Ranged Weapons
 - Level 1.8 Armour
 - Level 1.5 Dodging
 - Level 1.1 Stealth


You had 4 spell levels left.
You didn't know any spells.
Your spell library was empty.

Inventory:

Hand Weapons
 Y - a +1 shortbow (weapon)
Armour
 c - a +0 leather armour (worn)
 i - a +0 pair of boots (worn)
Jewellery
 f - an amulet of guardian spirit
Scrolls
 e - a scroll of identify
Potions
 a - a potion of haste
 d - a potion of attraction {unknown}
 g - 3 potions of curing

Dungeon Overview and Level Annotations

Branches:
Dungeon (4/15)
 Temple: D:4-7

Altars:
Ashenzari
Okawaru
The Shining One

Shops:
D:2 *

Annotations:
D:4 Eustachio


Message History

The jackal bites you but does no damage.
The shadow imp hits you but does no damage.
You shoot an arrow. The arrow hits the quasit.
You kill the quasit!
The quasit disappears in a puff of smoke!
The quasit closely misses you.
The quasit claws you but does no damage.
The quasit closely misses you. The rat completely misses you.
The jackal completely misses you. The quokka barely misses you.
The jackal bites you. The shadow imp closely misses you. The quasit misses you.
The quasit barely misses you.
The quasit claws you but does no damage.
The rat barely misses you.
You shoot an arrow. The arrow barely misses the quasit.
The jackal closely misses you. The jackal barely misses you.
The quokka bites you but does no damage.
The quasit bites you.
You feel clumsy. The quasit closely misses you.
The quasit claws you but does no damage.
The jackal bites you but does no damage.
The shadow imp hits you but does no damage.
The jackal barely misses you. The rat closely misses you.
The quokka barely misses you.
You shoot an arrow. The arrow hits the quasit.
The quasit is moderately wounded.
The quasit bites you but does no damage.
The quasit claws you.
The quasit claws you but does no damage.
The jackal closely misses you. x2
Eustachio gestures wildly while chanting.
Eustachio blinks!
The quokka bites you but does no damage.
The shadow imp barely misses you. The rat bites you but does no damage.
The river rat twitches its whiskers.
An adder comes into view.
The quasit bites you. The quasit closely misses you.
The quasit claws you but does no damage.
The jackal bites you.
You die...

...
...############
........#.....##
...............##
....¤.....<.....#
.@..............#
....).5r........#
.....rh@¤.......#
......5rh.......#
......w.......<.#
#.%.....>......##
#.......#.....##
S..##.#########
..# #. #. #.


You could see Eustachio, a quasit (summoned), an adder (wandering), a river rat
(summoned), a shadow imp (summoned), a dart slug, a quokka (summoned), 2 jackals
and a rat (summoned).

Vanquished Creatures
  2 vampire bats (D:3)
  A sleepcap (D:4)
  3 worms
  5 dart slugs
  An orc (D:3)
  8 endoplasms
  3 giant cockroaches (D:1)
  3 goblins
  2 hobgoblins
  6 jackals (D:2)
  6 kobolds
  5 quokkas
  5 ball pythons
  14 bats
  6 frilled lizards
  3 rats
73 creatures vanquished.

Notes
Turn   | Place    | Note
-------+----------+-------------------------------------------
     0 | D:1      | qw the Gargoyle Hunter began the quest for the Orb.
     0 | D:1      | Reached XP level 1. HP: 12/12 MP: 1/1
     0 | D:1      | 0 ||| qw: Version: 0.2-a-29-gc1b59c4
     0 | D:1      | 0 ||| qw: Game counter: 4359
     0 | D:1      | 0 ||| qw: Always use a shield: true
     0 | D:1      | 0 ||| qw: God list: Okawaru
     0 | D:1      | 0 ||| qw: Allow faded altars: false
     0 | D:1      | 0 ||| qw: Do Orc after D:15 true
     0 | D:1      | 0 ||| qw: Do second Lair branch before Depths: true
     0 | D:1      | 0 ||| qw: Lair rune preference: random
     0 | D:1      | 0 ||| qw: Plans: Normal, Zot:1-4, Slime:5, God:TSO, Crypt,
                  | Tomb, Abyss, Pan, Hells, Win
     0 | D:1      | 0 ||| PLANNING D:1-11
   171 | D:1      | Reached XP level 2. HP: 17/17 MP: 2/2
   326 | D:1      | 326 ||| FLEEEEING.
   379 | D:1      | Reached XP level 3. HP: 15/21 MP: 3/3
   414 | D:1      | Reached skill level 5 in Ranged Weapons
   620 | D:1      | 620 ||| UPGRADING to amulet of guardian spirit.
   625 | D:1      | 625 ||| READING scroll labelled ENAPHE QOCUG.
   626 | D:1      | 626 ||| READING 2 scrolls labelled NORIBU MEIPPE.
   627 | D:1      | 627 ||| DROPPING scroll of butterflies.
   657 | D:2      | 657 ||| STAIRDANCE
   709 | D:2      | Found Tuafiat's Assorted Antiques.
   718 | D:2      | 718 ||| BUYING 2 scrolls labelled NUOWOH LOMAI (50 gold).
   718 | D:2      | Bought 2 scrolls labelled NUOWOH LOMAI for 50 gold pieces
   718 | D:2      | 718 ||| BUYING puce potion (22 gold).
   718 | D:2      | Bought a puce potion for 22 gold pieces
   718 | D:2      | 718 ||| SHOPLISTING scroll labelled QEADWI EZA (25 gold,
                  | have 23).
   801 | D:2      | Reached skill level 3 in Fighting
  1008 | D:2      | Reached XP level 4. HP: 28/28 MP: 4/4
  1066 | D:2      | Found a faded altar of an unknown god.
  1227 | D:2      | 1227 ||| UPGRADING to +0 pair of boots.
  1232 | D:2      | 1232 ||| READING 2 scrolls labelled NUOWOH LOMAI.
  1233 | D:2      | 1233 ||| READING scroll labelled TOERYO DOVVIDA.
  1234 | D:2      | 1234 ||| DRINKING 2 fuming green potions.
  1235 | D:2      | 1235 ||| READING 2 scrolls of identify.
  1235 | D:2      | 1235 ||| IDENTIFYING purple potion
  1236 | D:2      | 1236 ||| DROPPING scroll of vulnerability.
  1538 | D:3      | Found a broken altar of Ashenzari.
  1548 | D:3      | Found a glowing golden altar of the Shining One.
  1882 | D:3      | Found an iron altar of Okawaru.
  1883 | D:3      | 1883 ||| PLANNING OKAWARU WORSHIP
  1883 | D:3      | 1883 ||| READING scroll labelled HIMIANA VIEWE.
  1932 | D:3      | Became a worshipper of Warmaster Okawaru
  1932 | D:3      | 1932 ||| PLANNING D:1-11
  1933 | D:3      | 1933 ||| REMOVING amulet of guardian spirit.
  2155 | D:3      | Reached XP level 5. HP: 31/32 MP: 5/5
  2158 | D:3      | Reached skill level 6 in Ranged Weapons
  2164 | D:3      | Reached skill level 1 in Armour
  2443 | D:3      | 2443 ||| READING scroll labelled OGEUNYI SOWKU.
  2487 | D:4      | Noticed Eustachio
  2517 | D:4      | HP: 6/32 [quasit[Eustachio] (3)]
  2520 | D:4      | HP: 1/32 [quasit[Eustachio] (2)]
  2520 | D:4      | Slain by a jackal

Levels and vault maps discovered:
D:1:      scummos_arrival_checkerplants, layout_loops_ring
D:2:      layout_basic, serial_shops, shop, basic_ecumenical_altar,
          hangedman_decor_clover_reticule, serial_park_tiny_2
D:3:      layout_basic, nicolae_overflow_crystal_walls, ashenzari_altar_1,
          marbit_many_paths, grunt_decor_cap, st_stairs_1, chequers_big_river,
          roderic_batcave
D:4:      layout_rooms, mainiacjoe_overflow_concentric_impassable, serial_shops,
          nicolae_shop_peninsula, nicolae_shop_tiny_waterfront,
          nicolae_shop_tiny_real_fake_doors, nicolae_shop_window_shopping,
          corexii_checkpoint_b, uniq_natasha, uniq_sigmund, uniq_eustachio

Skill      XL: |  1  2  3  4  5 |
---------------+----------------+-----
Ranged Weapons | 5 6 |  6.0
Fighting       | 3 |  3.5
Armour         | 1 |  1.8
Dodging        | |  1.5
Stealth        | |  1.1

Action                     |  1- 3 |  4- 6 || total
---------------------------+-------+-------++-------
   Fire: Shortbow          |   117 |   124 ||   241
    Use: Scroll            |     2 |     5 ||     7
         Potion            |       |     1 ||     1
 Armour: Leather armour    |    18 |   137 ||   155
  Dodge: Dodged            |    32 |   134 ||   166

Table legend:
 A = Non-vault XP
 B = Vault XP
 C = Vault XP percentage of total XP
 D = Non-vault monster count
 E = Vault monster count
 F = Vault count percentage of total count
                 A         B        C        D         E       F
            +---------+---------+-------+---------+---------+-------
      Total |     148 |     135 |  47.7 |      60 |      13 |  17.8
            +---------+---------+-------+---------+---------+-------
        D:1 |      52 |       0 |   0.0 |      26 |       0 |   0.0
        D:2 |      38 |       0 |   0.0 |      20 |       0 |   0.0
        D:3 |      16 |     135 |  89.4 |      10 |      13 |  56.5
        D:4 |      42 |       0 |   0.0 |       4 |       0 |   0.0
            +---------+---------+-------+---------+---------+-------
